 Dungeon Crawl Stone Soup version 0.16.0-14-g63f578d (console) character file.

805 gw the Slicer (level 8, -3/54 HPs)
             Began as a Halfling Gladiator on Mar 18, 2015.
             Was a Follower of Nemelex Xobeh.
             Slain by Blork the orc
             ... wielding a +0 trident
              (7 damage)
             ... on level 5 of the Dungeon.
             The game lasted 00:05:01 (4938 turns).

gw the Slicer (Halfling Gladiator)                  Turns: 4938, Time: 00:05:01

Health: -3/54      AC: 13    Str: 15    XL:     8   Next: 14%
Magic:  13/13      EV: 10    Int:  7    God:    Nemelex Xobeh [*.....]
Gold:   265        SH:  0    Dex: 17    Spells: 0 memorised, 7 levels left

rFire  . . .     SeeInvis .     a - +2 rapier
rCold  . . .     Clarity  .     o - +0 chain mail (curse)
rNeg   . . .     SustAb   .     (no shield)
rPois  .         Gourm    .     c - +0 helmet
rElec  .         Spirit   .     v - +0 cloak
rCorr  .         Warding  .     t - +0 pair of gloves
rMut   .         Stasis   .     l - +0 pair of boots
MR     .....                    (no amulet)
Stlth  ..........               (no ring)
                                (no ring)

@: not resistant to hostile enchantments, extremely unstealthy
A: mutation resistance 1
a: Renounce Religion


You were on level 5 of the Dungeon.
You worshipped Nemelex Xobeh.
Nemelex Xobeh was aware of your devotion.
You were hungry.

You visited 1 branch of the dungeon, and saw 5 of its levels.

You collected 265 gold pieces.

Inventory:

Hand weapons
 a - a +2 rapier (weapon)
 b - a +0 hunting sling
Missiles
 d - 3 throwing nets
 h - 190 stones (quivered)
 n - 49 sling bullets
Armour
 c - a +0 helmet (worn)
 l - a +0 pair of boots (worn)
 o - a cursed +0 chain mail (worn)
 t - a +0 pair of gloves (worn)
 v - a +0 cloak (worn)
Scrolls
 e - a scroll of magic mapping
 j - 9 scrolls of remove curse
 k - 3 scrolls of recharging
 s - 6 scrolls of identify
Potions
 i - 3 potions of curing
 u - a potion of agility {unknown}
 w - a potion of flight {unknown}
Miscellaneous
 m - a plain deck of summoning
 r - a plain deck of destruction
Comestibles
 f - 2 bread rations
 g - 2 fruits
 p - 2 slices of pizza
 q - 2 meat rations


   Skills:
 + Level 3.7 Fighting
 * Level 8.0 Short Blades
 + Level 1.7(2.6) Slings
 - Level 2.6(2.9) Throwing
 + Level 3.7 Armour
 - Level 3.2 Dodging
 * Level 4.1 Evocations


You had 7 spell levels left.
You didn't know any spells.

Dungeon Overview and Level Annotations

Branches:
Dungeon (5/15)
 Temple: D:4-7

Altars:
Ashenzari
Nemelex Xobeh
Qazlal
Zin

Annotations:
D:4 1 runed door
D:5 Blork the orc


Innate Abilities, Weirdness & Mutations

You are small and have problems with some larger weapons.
You are somewhat resistant to further mutation.


Message History

Unknown command.
Unknown command.
ATTACKING (1,1)
You swing at nothing.
Something hits you but does no damage.
Unknown command.
Unknown command.
Unknown command.
Unknown command.
ATTACKING (1,-1)
You swing at nothing.
You hear some strange, mumbled words.
You feel a wave of unholy energy pass over you.
Unknown command.
Unknown command.
Unknown command.
Unknown command.
ATTACKING (1,1)
You swing at nothing.
Something hits you!
You die...
Your body disappears without a glow.

.###....#......#
###.##...##.#
#.%.##...##.## #
#.####)..#...#
####.# #..##...#
.##..#
#.###...###
....##
.##.......##
..###
##.........##
#..
#....~~~p...#
##..
#...~~~~ยค...#
#..
...~~.a{~~...#
#..
...~~.>.~~...#
##.
..~~...~~...#
(.~~~~~...##
..~~~....#
.......##
.....##


You could see a worker ant.

Table legend:
 A = Turns spent in this place as a percentage of turns spent in the entire game.
 B = Non-inter-level travel turns spent in this place as a percentage of non-inter-level travel turns spent in the entire game.
 C = Inter-level travel turns spent in this place as a percentage of turns spent in this place.
 D = Turns resting spent in this place as a percentage of non-inter-level travel turns spent in this place.
 E = Turns spent auto-exploring this place as a percentage of non-inter-level travel turns spent in this place.
 F = Non-inter-level travel turns spent in this place divided by the number of levels of this place that you've seen.
                   A       B       C       D       E      F
               +-------+-------+-------+-------+-------+----------------------
         Total | 100.0 | 100.0 |   0.4 |   0.7 |   2.2 | 1791.4
       Dungeon | 100.0 | 100.0 |   0.4 |   0.7 |   2.2 | 1791.4
               +-------+-------+-------+-------+-------+----------------------

Table legend:
 A = Kills in this place as a percentage of kills in entire the game.
 B = Kills by you in this place as a percentage of kills by you in the entire game.
 C = Kills by friends in this place as a percentage of kills by friends in the entire game.
 D = Other kills in this place as a percentage of other kills in the entire game.
 E = Experience gained in this place as a percentage of experience gained in the entire game.
 F = Experience gained in this place divided by the number of levels of this place that you have seen.
                   A       B       C       D       E      F
               +-------+-------+-------+-------+-------+----------------------
         Total | 100.0 | 100.0 | 100.0 |  -nan | 100.0 | 230.0
       Dungeon | 100.0 | 100.0 | 100.0 |  -nan | 100.0 | 230.0
               +-------+-------+-------+-------+-------+----------------------

Vanquished Creatures
  Menkaure (D:5)
  An ice beast (D:3)
  A sky beast (D:5)
  A scorpion (D:4)
  4 killer bees (D:4)
  Crazy Yiuf (D:4)
  An orc wizard (D:5)
  A worker ant (D:4)
  Ijyb (D:2)
  4 adders
  A giant mite (D:1)
  3 worms
  An adder skeleton (D:4)
  3 giant geckos
  13 orcs
  6 giant cockroaches
  7 hobgoblins
  2 jackals (D:4)
  8 bats
  6 giant newts
  5 goblins
  A jackal skeleton (D:4)
  9 kobolds
  5 quokkas
  A quokka skeleton (D:5)
  7 rats
94 creatures vanquished.

Vanquished Creatures (collateral kills)
  An ogre (D:4)
1 creature vanquished.

Grand Total: 95 creatures vanquished

Notes
Turn   | Place    | Note
--------------------------------------------------------------
     0 | D:1      | gw, the Halfling Gladiator, began the quest for the Orb.
     0 | D:1      | Reached XP level 1. HP: 14/14 MP: 1/1
   205 | D:1      | Reached XP level 2. HP: 19/19 MP: 2/2
   722 | D:2      | Reached XP level 3. HP: 24/24 MP: 3/3
   806 | D:2      | Reached skill level 5 in Short Blades
   845 | D:2      | Reached skill level 1 in Armour
  1103 | D:2      | Reached XP level 4. HP: 18/30 MP: 4/4
  1306 | D:2      | Noticed Ijyb
  1327 | D:2      | Killed Ijyb
  1928 | D:3      | Reached XP level 5. HP: 35/35 MP: 5/5
  1948 | D:3      | Reached skill level 6 in Short Blades
  2467 | D:3      | Noticed an ice beast
  2472 | D:3      | Found a sparkling altar of Nemelex Xobeh.
  2480 | D:3      | Became a worshipper of Nemelex Xobeh the Trickster
  2675 | D:3      | Killed an ice beast
  2675 | D:3      | Reached skill level 1 in Evocations
  2675 | D:3      | Reached XP level 6. HP: 39/41 MP: 5/7
  2780 | D:3      | Received a gift from Nemelex Xobeh
  3270 | D:4      | Noticed Crazy Yiuf
  3278 | D:4      | Killed Crazy Yiuf
  3367 | D:4      | Reached skill level 7 in Short Blades
  3442 | D:4      | Reached XP level 7. HP: 46/46 MP: 10/10
  3726 | D:4      | Found a glowing silver altar of Zin.
  3729 | D:4      | Found a runed door.
  3729 | D:4      | Noticed an angel
  3747 | D:4      | Received a gift from Nemelex Xobeh
  3771 | D:4      | Found a stormy altar of Qazlal.
  4054 | D:5      | Entered Level 5 of the Dungeon
  4061 | D:5      | Found a shattered altar of Ashenzari.
  4100 | D:5      | Noticed Menkaure
  4111 | D:5      | Killed Menkaure
  4111 | D:5      | Reached skill level 1 in Slings
  4453 | D:5      | Reached XP level 8. HP: 14/53 MP: 13/13
  4772 | D:5      | Reached skill level 8 in Short Blades
  4871 | D:5      | Noticed Blork the orc
  4938 | D:5      | Slain by Blork the orc

Action                   |  1- 3 |  4- 6 |  7- 9 || total
-------------------------+-------+-------+-------++-------
Melee: Rapier            |    78 |   151 |    67 ||   296
 Fire: Hunting sling     |       |       |    38 ||    38
Evoke: Deck              |       |     4 |       ||     4
  Use: Scroll            |     6 |     7 |       ||    13
       Potion            |     1 |     4 |     1 ||     6
  Eat: Chunk             |     1 |     8 |     4 ||    13

Vault maps used:
D:1:      dpeg_arrival_orchard, minivault_14, minmay_misc_feat_doors
D:2:      min_item_tele_traps, uniq_iyjb
D:3:      nemelex_deck
D:4:      grunt_qazlal_clouds, first_bread, lemuel_angel_altar,
          uniq_crazy_yiuf_cottage
D:5:      kennysheep_little_box, tgw_sif, nicolae_overflow_hidden_temple,
          nrook_uturn, uniq_menkaure, uniq_duvessa
